 Dungeon Sprint DCSS version 0.32-a0-473-gd044c6f0f0 (webtiles) character file.

Game seed: 7637213527154509723

17251 rocky1 the Warrior (level 12, 0/111 HPs)
             Began as a Coglin Gladiator on Feb 26, 2024.
             Was an Initiate of Gozag.
             Succumbed to a spriggan rider's poison
             ... in the Dungeon (Sprint VII: "The Pits").
             The game lasted 00:11:10 (3694 turns).

rocky1 the Warrior (Coglin Gladiator)               Turns: 3694, Time: 00:11:11

Health: 0/111      AC: 18    Str: 16    XL:     12   Next: 46%
Magic:  12/12      EV: 16    Int:  7    God:    Gozag
Gold:   1311       SH:  0    Dex: 20    Spells: 11/11 levels left

rFire   . . .        u - +2 scimitar (holy) {Lan}
rCold   . . .        a - +11 Screaming Sword {sonic wave}
rNeg    . . .        v - +4 chain mail
rPois   .            c - +0 helmet
rElec   .            (no cloak)
rCorr   .            (no gloves)
SInv    .            (no boots)
Will    .....        (no amulet) Stlth
                     (ring unavailable)
HPRegen 0.38/turn    (ring unavailable)
MPRegen 0.13/turn

%: no teleportation
@: lethally poisoned (0 -> -7), gold aura, revved
A: off-hand wielding, slow wielding, warmup strikes, no rings
a: Renounce Religion, Potion Petition, Call Merchant, Bribe Branch


You were in the Dungeon.
You worshipped Gozag.
Gozag was most pleased with you.
You visited 1 branch You collected 7119 gold pieces.
You spent 4450 gold pieces at shops.
You paid 1358 gold pieces to Gozag.

Inventory:

Hand Weapons
 a - the +11 Screaming Sword (offhand) {sonic wave}
   (You bought it in a shop in the Dungeon)
 b - a +6 scimitar
 r - a +2 long sword of flaming {Bozena}
 u - a +2 scimitar of holy wrath (weapon) {Lan}
 C - the +11 plutonium sword {^Contam Stlth-}
   (You bought it in a shop in the Dungeon)

   ^Contam:   It causes magical contamination when unequipped.
   Stlth-:    It makes you less stealthy.
 D - the +5 Lochaber axe {reach-cleave, Poleaxe ^Drain}
   (You bought it in a shop in the Dungeon)

   Poleaxe:   It uses either Axes or Polearms skill, whichever is higher.
   ^Drain:    It drains your maximum health when unequipped.
 E - the +7 hand cannon "Mule" {flame, backblast, rF+}
   (You bought it in a shop in the Dungeon)

   rF+:       It protects you from fire.
Missiles
 d - 3 throwing nets (quivered)
 e - 7 javelins
Armour
 c - a +0 helmet (worn)
 v - a +4 chain mail (worn)
Scrolls
 g - 3 scrolls of fear
 k - a scroll of blinking
 m - 2 scrolls of vulnerability
 n - 5 scrolls of amnesia
 o - a scroll of butterflies
 p - a scroll of immolation
 w - a scroll of enchant armour
 x - a scroll of revelation
 y - 6 scrolls of enchant weapon
 A - 2 scrolls of identify
 B - a scroll of fog
Potions
 f - 7 potions of curing
 h - 2 potions of haste
 i - 4 potions of magic
 j - 2 potions of berserk rage
 l - 2 potions of invisibility
 q - 15 potions of heal wounds
 s - 2 potions of resistance
 t - 2 potions of might
 z - a potion of mutation


   Skills:
 + Level 16.2 Fighting
 - Level 16.0 Long Blades
 - Level 1.9 Throwing
 + Level 14.6 Armour
 + Level 15.0 Dodging


You had 11 spell levels left.
You didn't know any spells.
Your spell library was empty.

Dungeon Overview and Level Annotations

Branches:
Dungeon (1/1)

Altars:
Ashenzari
Cheibriados
Dithmenos
Elyvilon
Fedhas
Gozag
Hepliaklqana
Kikubaaqudgha
Makhleb
Nemelex Xobeh
Okawaru
Qazlal
Ru
Sif Muna
Trog
Uskayaw
Vehumet
Wu Jian
Xom
Yredelemnul
Zin
The Shining One
Beogh
Jiyva
Lugonu

Shops:
D ((


Innate Abilities, Weirdness & Mutations

You can wield a second weapon in your off-hand.
It takes a long time for you to wield or remove held weapons.
Your first few attacks do less damage.
Your grasper-arms cannot wear rings.


Message History

The 12-headed hydra grows two more!
You slash the 14-headed hydra with the +11 Screaming Sword!
The Screaming Sword exclaims, "I SMELL BLOOD!"
You send a blast of sound all around you.
You kill the 14-headed hydra!
Reactivating autopickup.
You feel a bit more experienced.
The white draconian is moderately wounded.
The deep elf blademaster is heavily wounded.
You destroy the air elemental!
The yaktaur is severely wounded.
Your Fighting skill increases to level 16!
Unknown command.
You hit the white draconian with your +2 scimitar of holy wrath.
The white draconian is heavily wounded.
You slash the white draconian with the +11 Screaming Sword!
You slash the white draconian with your +2 scimitar of holy wrath!
The white draconian is severely wounded.
You slash the white draconian with the +11 Screaming Sword!
The Screaming Sword roars, "BAPTISED IN BLOOD I AM!"
You send a blast of sound all around you.
The death knight is heavily wounded.
The white draconian is almost dead.
The deep elf blademaster is heavily wounded.
The spriggan rider is heavily wounded.
You kill the yaktaur!
The death knight hits you from afar with a +0 glaive!!
The spriggan rider hits you from afar with a +1 spear of venom!!
* * * LOW HITPOINT WARNING * * *
You are poisoned.
The white draconian breathes frost at you.
The blast of cold hits you!!
* * * LOW HITPOINT WARNING * * *
The deep elf blademaster is distracted by your dazzling golden aura.
The deep elf blademaster shouts!
Your Dodging skill increases to level 15!
You hit the white draconian with your +2 scimitar of holy wrath.
You kill the white draconian!
You die...
Your body crumbles into a pile of gold.

#..#....#..#
+..........#
+..........#
#..#....#..#
#..........+
#..........+
###''####''#
###$'####''#########
#..@...##...........
#p#$##.##..[........
#.#ei'.##..#########
# '$:# ##..# #/.'
#..# #++##########
+).#. #..#
........##..# ##+#.
#.[# .#......##..#
##..# ........''..#
#..#


You could see a deep elf blademaster, a death knight and a spriggan rider.

Vanquished Creatures
  A white draconian (D)
  A hydra (D)
  A two-headed ogre (D)
  Urug (D)
  3 shadow wraiths (D)
  A sea snake (D)
  A spriggan druid (D)
  An arcanist (D)
  2 deep elf zephyrmancers (D)
  A merfolk siren (D)
  A large abomination (D)
  A black mamba (D)
  A naga mage (D)
  A gargoyle (D)
  2 molten gargoyles (D)
  A smoke demon (D)
  An unseen horror (D)
  A yaktaur (D)
  An ice devil (D)
  A hellwing (D)
  A wind drake (D)
  A tyrant leech (D)
  A glass eye (D)
  9 blink frogs (D)
  14 dream sheep (D)
  2 tarantellas (D)
  2 snapping turtles (D)
  An air elemental (D)
  A wyvern (D)
  2 shadows (D)
  A warg (D)
  Grum (D)
  A redback (D)
  Edmund (D)
  3 nagas (D)
  A water moccasin (D)
  An acid dragon (D)
  A swamp drake (D)
  2 sky beasts (D)
  A small abomination (D)
  An ogre (D)
  A centaur (D)
  2 wolves (D)
  A crimson imp (D)
  A quasit (D)
  3 orc priests (D)
  A hound (D)
  An orc wizard (D)
  A mummy (D)
  A gnoll (D)
  2 river rats (D)
  An ufetubus (D)
  2 dart slugs (D)
  5 orcs (D)
  A bat (D)
  A giant cockroach (D)
  3 hobgoblins (D)
  2 jackals (D)
  A ball python zombie (D)
  A kobold (D)
  A quokka skeleton (D)
  A rat (D)
105 creatures vanquished.

Vanquished Creatures (others)
  A river rat (D)
1 creature vanquished.

Grand Total: 106 creatures vanquished

Notes
Turn   | Place    | Note
-------+----------+-------------------------------------------
     0 | D        | rocky1 the Coglin Gladiator began the quest for the Orb.
     0 | D        | Reached XP level 1. HP: 16/16 MP: 1/1
    26 | D        | Found a bloodstained altar of Trog.
    26 | D        | Found a shimmering blue altar of Sif Muna.
    26 | D        | Found a viscous altar of Jiyva.
    26 | D        | Found a hazy altar of Hepliaklqana.
    26 | D        | Found an opulent altar of Gozag.
    27 | D        | Found a glowing golden altar of the Shining One.
    27 | D        | Found a glowing silver altar of Zin.
    27 | D        | Found a basalt altar of Yredelemnul.
    27 | D        | Found a shimmering altar of Xom.
    27 | D        | Found an ornate altar of the Wu Jian Council.
    27 | D        | Found a sacrificial altar of Ru.
    27 | D        | Found a stormy altar of Qazlal.
    27 | D        | Found an iron altar of Okawaru.
    27 | D        | Found a sparkling altar of Nemelex Xobeh.
    27 | D        | Found a burning altar of Makhleb.
    27 | D        | Found a blossoming altar of Fedhas.
    27 | D        | Found a white marble altar of Elyvilon.
    27 | D        | Found a shadowy altar of Dithmenos.
    27 | D        | Found a snail-covered altar of Cheibriados.
    30 | D        | Found a corrupted altar of Lugonu.
    30 | D        | Found a radiant altar of Vehumet.
    30 | D        | Found a roughly hewn altar of Beogh.
    31 | D        | Found an ancient bone altar of Kikubaaqudgha.
    31 | D        | Found a hide-covered altar of Uskayaw.
    31 | D        | Found a broken altar of Ashenzari.
    36 | D        | Became a worshipper of Gozag Ym Sagoz the Greedy
    95 | D        | Reached XP level 2. HP: 22/22 MP: 2/2
   114 | D        | Reached skill level 5 in Long Blades
   118 | D        | Noticed a sky beast
   131 | D        | Killed a sky beast
   132 | D        | Reached XP level 3. HP: 19/27 MP: 3/3
   132 | D        | Reached XP level 4. HP: 23/33 MP: 4/4
   306 | D        | Noticed a water moccasin
   326 | D        | Killed a water moccasin
   327 | D        | Reached XP level 5. HP: 22/38 MP: 5/5
   330 | D        | Reached XP level 6. HP: 26/44 MP: 6/6
   366 | D        | Noticed Edmund
   378 | D        | Killed Edmund
   386 | D        | Reached XP level 7. HP: 41/50 MP: 7/7
   855 | D        | Noticed an ice devil
   857 | D        | Killed an ice devil
   968 | D        | Reached skill level 5 in Fighting
   968 | D        | Reached skill level 5 in Dodging
  1037 | D        | Noticed a glass eye
  1037 | D        | Noticed a smoke demon
  1048 | D        | Killed a glass eye
  1049 | D        | Reached XP level 8. HP: 64/64 MP: 8/8
  1051 | D        | Killed a smoke demon
  1052 | D        | Reached skill level 5 in Armour
  1449 | D        | Noticed a snapping turtle
  1449 | D        | Noticed a tarantella
  1471 | D        | Killed a tarantella
  1477 | D        | Killed a snapping turtle
  1478 | D        | Reached XP level 9. HP: 38/74 MP: 9/9
  1836 | D        | Reached skill level 15 in Long Blades
  2079 | D        | Noticed Grum
  2094 | D        | Reached XP level 10. HP: 55/85 MP: 10/10
  2097 | D        | Reached skill level 10 in Fighting
  2102 | D        | Killed Grum
  2126 | D        | Reached skill level 10 in Dodging
  2268 | D        | Bought the +11 Singing Sword {sonic wave} for 1400 gold
                  | pieces
  2268 | D        | Found the +11 Singing Sword {sonic wave}
  2330 | D        | Noticed an arcanist
  2334 | D        | Killed an arcanist
  2335 | D        | Reached skill level 10 in Armour
  2413 | D        | Noticed a large abomination
  2418 | D        | Killed a large abomination
  2422 | D        | Killed a shadow wraith
  2475 | D        | Noticed a spriggan druid
  2479 | D        | Killed a spriggan druid
  2606 | D        | Noticed a molten gargoyle
  2610 | D        | Killed a molten gargoyle
  2611 | D        | Reached XP level 11. HP: 83/96 MP: 11/11
  2670 | D        | Killed a shadow wraith
  2758 | D        | Noticed a two-headed ogre
  2762 | D        | Killed a two-headed ogre
  2904 | D        | Noticed a sea snake
  2911 | D        | Killed a sea snake
  3129 | D        | Reached XP level 12. HP: 91/108 MP: 12/12
  3130 | D        | Reached skill level 15 in Fighting
  3353 | D        | Noticed Urug
  3361 | D        | Killed Urug
  3626 | D        | Bought the +11 plutonium sword {^Contam Stlth-} for 1600
                  | gold pieces
  3626 | D        | Found the +11 plutonium sword {^Contam Stlth-}
  3626 | D        | Bought the +5 Lochaber axe {reach-cleave, Poleaxe ^Drain}
                  | for 566 gold pieces
  3626 | D        | Found the +5 Lochaber axe {reach-cleave, Poleaxe ^Drain}
  3626 | D        | Bought the +7 hand cannon "Mule" {flame, backblast, rF+}
                  | for 884 gold pieces
  3626 | D        | Found the +7 hand cannon "Mule" {flame, backblast, rF+}
  3686 | D        | Noticed an eight-headed hydra
  3686 | D        | Noticed a death knight
  3686 | D        | Noticed a white draconian
  3686 | D        | Noticed a deep elf blademaster
  3691 | D        | Killed a 14-headed hydra
  3693 | D        | HP: 2/111 [white draconian/blast of cold (19)]
  3694 | D        | Reached skill level 15 in Dodging
  3694 | D        | Killed a white draconian
  3694 | D        | Succumbed to a spriggan rider's poison

Illustrated notes

Levels and vault maps discovered:
D:        pitsprint [storerooms_1, entrance_room_1, metal_vault_2, armoury_2,
          mini_pit_1, grid_room_1, main_hall_1, silver_pit, the_coven_3,
          the_vestibule_1, steel_vault_2, golden_pit, hallway_of_sentries,
          crystal_vault_4, iron_vault_1, final_vault]

Skill      XL: |  1  2  3  4  5  6  7  8  9 10 11 12 |
---------------+-------------------------------------+-----
Dodging        | 3 6 7 9 11 13 15 | 15.0
Long Blades    | 4 9 11 12 14 15 16 | 16.0
Fighting       | 6 7 9 12 14 16 | 16.2
Armour         | 4 6 8 11 13 14 | 14.6
Throwing       | |  1.9

Action                     |  1- 3 |  4- 6 |  7- 9 | 10-12 || total
---------------------------+-------+-------+-------+-------++-------
  Melee: Falchion          |    17 |    26 |    23 |       ||    66
         Long sword        |    17 |    27 |    61 |    17 ||   122
         Scimitar          |       |       |    35 |    99 ||   134
         Double sword      |       |       |       |    82 ||    82
 Invoke: Call Merchant     |       |       |     1 |     1 ||     2
    Use: Potion            |     1 |     4 |     4 |       ||     9
   Stab: Sleeping          |     1 |       |       |       ||     1
         Distracted        |       |     1 |     1 |     2 ||     4
 Armour: Leather armour    |    13 |       |       |       ||    13
         Chain mail        |       |    21 |    44 |    95 ||   160
  Dodge: Dodged            |    11 |    12 |    27 |    44 ||    94

Table legend: (Time is in decaauts)
 A = Elapsed time spent in this place.
 B = Non-inter-level travel time spent in this place.
 C = Inter-level travel time spent in this place.
 D = Time resting spent in this place.
 E = Time spent auto-exploring this place.
 F = Levels seen in this place.
 G = Mean time per level.
                   A        B        C        D        E       F      G
               +--------+--------+--------+--------+--------+-----+--------+
         Total |   3647 |   3582 |     65 |   2314 |      0 |   1 | 3647.0 |
       Dungeon |   3647 |   3582 |     65 |   2314 |      0 |   1 | 3647.0 |
               +--------+--------+--------+--------+--------+-----+--------+

Top non-repeatable levels by time:
       D: 3647 daAuts
